 Dungeon Crawl Stone Soup version 0.22.1-2-g9c5b331383 (webtiles) character file.

64694 gollor the Carver (level 15, -24/168 HPs)
             Began as a Naga Warper on Dec 28, 2018.
             Was the Champion of Cheibriados.
             Killed from afar by a deep elf mage (37 damage)
             ... with a bolt of negative energy
             ... on level 2 of the Elven Halls on Dec 29, 2018.
             The game lasted 03:20:05 (24650 turns).

gollor the Carver (Naga Warper)                    Turns: 24650, Time: 03:20:35

Health: -24/168    AC: 21    Str: 32    XL:     15   Next: 13%
Magic:  12/28      EV: 14    Int: 28    God:    Cheibriados [******]
Gold:   398        SH:  0    Dex: 29    Spells: 15/32 levels left

rFire    + . .     SeeInvis +   H - +2 scimitar (elec)
rCold    . . .     Gourm    .   (no shield)
rNeg     . . .     Faith    .   c - +2 acid dragon scales
rPois    +         Spirit   .   (helmet restricted)
rElec    .         Reflect  .   m - +1 cloak {+Inv}
rCorr    +         Harm     .   G - +1 pair of gloves {archery}
MR       +++..                  L - +0 naga barding
Stlth    ++........             (no amulet)
HPRegen  0.38/turn              p - ring of protection from magic
MPRegen  0.21/turn              q - ring of flight

@: about to teleport, short of breath, drained, very slow
A: large, beak, see invisible, deformed body, fire resistance 1, magic
resistance 1, poison resistance, robust 2, slowness 2, slow metabolism 1, spit
poison 2, evolution 1, constrict 1, AC +5
a: Breathe Poison Gas, Bend Time, Temporal Distortion, Slouch, Step From Time,
Renounce Religion, Evoke Invisibility, Evoke Flight


You were on level 2 of the Elven Halls.
You worshipped Cheibriados.
Cheibriados was exalted by your worship.
You were hungry.

You visited 4 branches of the dungeon, and saw 17 of its levels.
You visited 1 bazaar.

You collected 1738 gold pieces.
You spent 1340 gold pieces at shops.

Inventory:

Hand Weapons
 h - the +3 Elemental Staff {rElec rF++ rC++ MR++ AC+5}
   (You found it on level 4 of the Dungeon)

   It affects your AC (+5).
   It greatly protects you from fire.
   It greatly protects you from cold.
   It insulates you from electricity.
   It affects your resistance to hostile enchantments.
 l - a +0 short sword of holy wrath
 v - a +2 falchion of protection
 y - the +8 whip "Snakebite" {curare, rPois}
   (You found it on level 8 of the Dungeon)

   It poisons the flesh of those it strikes.
   It protects you from poison.
 H - a +2 scimitar of electrocution (weapon)
Missiles
 e - 3 tomahawks of dispersal (quivered)
 B - 22 tomahawks
 E - 10 poisoned tomahawks
Armour
 c - +2 acid dragon scales (worn)
 i - a +2 helmet
 m - a +1 cloak of invisibility (worn)
 G - a +1 pair of gloves of archery (worn)
 L - a +0 naga barding (worn)
Jewellery
 p - a ring of protection from magic (left hand)
 q - a ring of flight (right hand)
 D - an uncursed amulet of guardian spirit
 I - an uncursed ring of flight
Wands
 g - a wand of random effects (32)
 n - a wand of digging (12)
 r - a wand of scattershot (6)
 t - a wand of iceblast (3)
 N - a wand of acid (8)
Scrolls
 o - 8 scrolls of remove curse
 u - a scroll of enchant weapon
 w - a scroll of teleportation
 z - 2 scrolls of immolation
 F - 2 scrolls of amnesia
 K - a scroll of acquirement {unknown}
Potions
 a - a potion of lignification
 b - a potion of ambrosia
 d - a potion of magic
 j - 4 potions of flight
 k - a potion of mutation
 s - a potion of might
 A - a potion of resistance
 C - a potion of agility
 J - 2 potions of brilliance
 O - a potion of heal wounds
Comestibles
 f - 18 rations


   Skills:
 + Level 10.4(9.7) Fighting
 * Level 13.1(12.3) Long Blades
 - Level 0.8(0.2) Throwing
 - Level 7.1(6.4) Armour
 + Level 7.9(7.1) Dodging
 * Level 9.1(8.3) Spellcasting
 - Level 9.0(8.2) Charms
 + Level 7.4(6.7) Translocations
 + Level 8.9(8.1) Invocations


You had 15 spell levels left.
You knew the following spells:

 Your Spells              Type           Power        Failure   Level  Hunger
a - Shroud of Golubria    Chrm/Tloc      ######....   1%          2    None
b - Blink                 Tloc           N/A          1%          2    None
c - Teleport Other        Tloc           #####...     1%          3    None
d - Lesser Beckoning      Tloc           #####.....   1%          3    None
e - Passage of Golubria   Tloc           N/A          3%          4    #......
f - Tukima's Dance        Hex            ##......     17%         3    None

Your spell library contained the following spells:

 Spells                   Type           Power        Failure   Level  Hunger
 Apportation              Tloc           #####.       1%          1    None
 Infusion                 Chrm           ####         1%          1    None
 Song of Slaying          Chrm           ######..     1%          2    None
 Gell's Gravitas          Tloc           #####.....   1%          3    None
 Ozocubu's Armour         Chrm/Ice       ####....     3%          3    None
 Regeneration             Chrm/Necr      ####......   3%          3    None
 Spectral Weapon          Hex/Chrm       ####....     3%          3    None
 Animate Skeleton         Necr           N/A          5%          1    None
 Confusing Touch          Hex            ##....       5%          1    None
 Corona                   Hex            ##.....      5%          1    None
 Freeze                   Ice            ##..         5%          1    None
 Sandblast                Erth           ##....       5%          1    None
 Summon Small Mammal      Summ           ##..         5%          1    None
 Ensorcelled Hibernation  Hex/Ice        ##....       9%          2    None
 Passwall                 Tmut/Erth      ##......     9%          2    None
 Throw Frost              Conj/Ice       ##....       9%          2    None
 Confuse                  Hex            ##......     17%         3    None
 Dazzling Spray           Conj/Hex       ##....       17%         3    None
 Stone Arrow              Conj/Erth      ##....       17%         3    None
 Petrify                  Tmut/Erth      ##......     50%         4    #......
 Summon Ice Beast         Ice/Summ       ##......     50%         4    #......
 Throw Icicle             Conj/Ice       ##......     50%         4    #......
 Borgnjor's Vile Clutch   Necr/Erth      ##........   83%         5    ####...
 Lee's Rapid Deconstruct  Erth           ##........   83%         5    ####...
 Silence                  Hex/Air        ##........   83%         5    ####...
 Darkness                 Hex            ##........   100%        6    ######.
 Shadow Creatures         Summ           N/A          100%        6    ######.


Dungeon Overview and Level Annotations

Branches:
Dungeon (12/15)            Temple (1/1) D:7             Orc (2/2) D:12
    Elf (2/3) Orc:2
   Lair: D:8-11

Altars:
Ashenzari
Cheibriados
Dithmenos
Elyvilon
Fedhas
Gozag
Hepliaklqana
Kikubaaqudgha
Makhleb
Nemelex Xobeh
Okawaru
Qazlal
Ru
Sif Muna
Trog
Uskayaw
Vehumet
Wu Jian
Xom
Yredelemnul
Zin
The Shining One
Beogh

Shops:
D:8 !*[(   D:9 *   Orc:1 :   Orc:2 }([}

Annotations:
D:8 Joseph
D:9 1 runed door, topfpfpflanze's ghost, journeyman DEFE
Elf:2 3 runed doors, Dofent's ghost, adept TrMo


Innate Abilities, Weirdness & Mutations

You cannot wear boots.
Your serpentine skin is tough. (AC +5)
You have supernaturally acute eyesight. (SInv)
Armour fits poorly on your strangely shaped body.
Your system is resistant to poisons. (rPois)
You cover ground very slowly.
You have a slow metabolism.
You can exhale a cloud of poison.
You can use your snake-like lower body to constrict enemies.
You have a beak for a mouth.
Your flesh is heat resistant. (rF+)
You are resistant to hostile enchantments. (MR+)
You are very robust. (+20% HP)
You evolve.


Message History

The deep elf mage gestures wildly while chanting.
A war axe of freezing comes into view.
Casting: Blink (safe; 1% risk of failure)
Confirm with . or Enter, or press ? or * to list all spells.
You blink.
A deep elf mage comes into view. It is wielding a long sword.
The deep elf mage shouts! x2
A dancing weapon, a deep elf knight and a deep elf mage come into view.
The deep elf mage is wielding a long sword of protection.
There is a mace of You hear a shout!
The jumping spider leaps!
The deep elf mage mumbles some strange words.
Casting: Blink (safe; 1% risk of failure)
Confirm with . or Enter, or press ? or * to list all spells.
You blink.
A trident of venom comes into view.
The jumping spider leaps!
The deep elf mage points at you and mumbles some strange words.
The bolt of negative energy hits you!
You feel drained.
You die...

.. .............
.. ......(.... ..
......... ..
##.......## ..
##.........## ####
.#...........#.
#...
...............
#...
......(@...e......
#..#
.e....s...........
#..#
....e.............
#..#
..................
#.)#
.....er§..........
#..'
......§...........
#..#
.......s..........
#.)#
##......(.§..##
#..# ###.......###
#..#


You could see a deep elf knight, 3 deep elf magi, a jumping spider, a
tarantella, a hell rat and 3 dancing weapons.

Vanquished Creatures
  A deep elf blademaster (Elf:2)
  2 orc warlords
  16 dancing weapons
  3 two-headed ogres
  Sonja (Orc:1)
  12 deep elf knights
  A sea snake (shapeshifter) (Elf:1)
  12 deep elf archers
  Pikel (D:8)
  3 orc knights (D:12)
  An ugly thing (D:9)
  A manticore (D:12)
  A cyclops (D:11)
  35 deep elf magi
  3 orc sorcerers
  2 centaur zombies
  3 centaur skeletons
  A tengu conjurer (D:11)
  A komodo dragon (D:8)
  4 trolls
  3 slime creatures (D:10)
  A hornet (D:11)
  A hippogriff (D:11)
  A hippogriff (shapeshifter) (Elf:2)
  A vampire (D:12)
  2 water elementals (Elf:2)
  8 yaks
  A wyvern (D:10)
  2 shadows
  4 hogs (D:7)
  3 fire elementals
  Menkaure (D:6)
  7 humans
  2 wargs (Orc:2)
  A black bear (D:11)
  39 orc warriors
  A slave (D:8)
  2 ice beasts
  An eye of draining (D:9)
  A sky beast (D:10)
  3 necrophages
  7 ogres
  3 phantoms
  6 centaurs
  3 big kobolds
  7 bullfrogs
  An earth elemental (Elf:1)
  A water moccasin zombie (D:10)
  A scorpion (D:6)
  4 killer bees (D:7)
  5 wights (D:12)
  2 howler monkeys
  3 crimson imps
  5 jellies
  A bullfrog skeleton (D:10)
  2 bullfrog zombies
  5 hounds
  27 orc wizards
  26 orc priests
  3 iguanas
  5 worker ants
  2 hound skeletons
  A worker ant zombie (D:5)
  3 gnolls
  8 adders
  A shadow imp (D:12)
  An ooze (D:3)
  An adder zombie (D:8)
  An adder skeleton (D:7)
  2 worms
  A dart slug (D:1)
  6 leopard geckos
  96 orcs
  A ball python (D:3)
  5 bats
  8 giant cockroaches
  5 goblins
  3 hobgoblins
  19 jackals
  21 kobolds
  4 quokkas
  5 frilled lizards
  8 rats
508 creatures vanquished.

Vanquished Creatures (collateral kills)
  A deep elf archer (Elf:1)
  2 deep elf magi (Elf:1)
3 creatures vanquished.

Vanquished Creatures (others)
  5 dream sheep (D:12)
  A water elemental (Elf:2)
  A slave (D:8)
  A worker ant (D:8)
  A gnoll (Orc:1)
  An orc (Orc:1)
  4 plants (D:8)
14 creatures vanquished.

Grand Total: 525 creatures vanquished

Notes
Turn   | Place    | Note
-------+----------+-------------------------------------------
     0 | D:1      | gollor the Naga Warper began the quest for the Orb.
     0 | D:1      | Reached XP level 1. HP: 19/19 MP: 3/3
   186 | D:1      | Reached XP level 2. HP: 27/27 MP: 5/5
   193 | D:1      | Learned a level 2 spell: Shroud of Golubria
   229 | D:1      | Learned a level 2 spell: Blink
   255 | D:1      | Found a sparkling altar of Nemelex Xobeh.
  1000 | D:2      | Reached XP level 3. HP: 33/33 MP: 6/6
  1059 | D:2      | Found a glowing golden altar of the Shining One.
  1775 | D:3      | Noticed a phantom
  1785 | D:3      | Reached skill level 3 in Long Blades
  1869 | D:3      | Noticed an ice beast
  2043 | D:2      | Reached XP level 4. HP: 42/42 MP: 7/7
  2165 | D:3      | Killed a phantom
  2165 | D:3      | Reached XP level 5. HP: 42/50 MP: 5/8
  2416 | D:3      | Killed an ice beast
  2416 | D:3      | Reached skill level 4 in Long Blades
  2416 | D:3      | Reached XP level 6. HP: 35/58 MP: 2/9
  2866 | D:4      | Learned a level 3 spell: Teleport Other
  3081 | D:4      | Reached skill level 5 in Fighting
  3081 | D:4      | Reached skill level 5 in Long Blades
  3107 | D:4      | Gained mutation: You are robust. (+10% HP) [potion of
                  | mutation]
  3107 | D:4      | Gained mutation: Your spells are a little easier to cast,
                  | but a little less powerful. [potion of mutation]
  3107 | D:4      | Gained mutation: You are agile. (Dex +2) [potion of
                  | mutation]
  3107 | D:4      | Gained mutation: You evolve. [potion of mutation]
  3420 | D:4      | Reached XP level 7. HP: 60/73 MP: 7/10
  3644 | D:4      | Found the +3 Elemental Staff {rElec rF++ rC++ MR++ AC+5}
  3749 | D:5      | Entered Level 5 of the Dungeon
  3899 | D:5      | Reached skill level 1 in Armour
  3904 | D:5      | Learned a level 3 spell: Lesser Beckoning
  3987 | D:5      | Found a sacrificial altar of Ru.
  4035 | D:5      | Gained mutation: You have a beak for a mouth. [evolution]
  4183 | D:5      | Found a blossoming altar of Fedhas.
  5227 | D:6      | Reached XP level 8. HP: 78/82 MP: 12/12
  5429 | D:5      | Reached skill level 6 in Long Blades
  5621 | D:6      | Reached XP level 9. HP: 53/90 MP: 11/15
  6283 | D:6      | Gained mutation: You are very robust. (+20% HP) [evolution]
  6409 | D:6      | Learned a level 4 spell: Passage of Golubria
  6454 | D:6      | Noticed Menkaure
  6852 | D:6      | Reached skill level 7 in Long Blades
  7087 | D:6      | Killed Menkaure
  7087 | D:6      | Reached skill level 5 in Translocations
  7653 | D:7      | Found a staircase to the Ecumenical Temple.
  7659 | Temple   | Entered the Ecumenical Temple
  7699 | Temple   | Became a worshipper of Cheibriados the Contemplative
  8940 | D:7      | Reached skill level 1 in Invocations
  9134 | D:7      | Reached XP level 10. HP: 33/110 MP: 7/17
  9156 | D:7      | Reached skill level 5 in Spellcasting
  9277 | D:7      | Gained mutation: You are resistant to hostile enchantments.
                  | (MR+) [evolution]
  9717 | D:8      | Reached * piety under Cheibriados
  9730 | D:8      | Reached skill level 8 in Long Blades
 10069 | D:8      | Noticed Pikel
 10122 | D:8      | Killed Pikel
 10223 | D:8      | Noticed Joseph
 10294 | D:8      | Found Jiur's Armour Boutique.
 10463 | D:8      | Found Cayt's Weapon Emporium.
 10604 | D:8      | Found Poineidahe's Assorted Antiques.
 10607 | D:8      | Bought a scroll labeled REATAO CENOSEFE for 20 gold pieces
 10607 | D:8      | Bought a scroll of identify for 40 gold pieces
 10607 | D:8      | Bought a scroll of teleportation for 60 gold pieces
 10618 | D:8      | Found Ipnoos's Distillery.
 10625 | D:8      | Bought a potion of heal wounds for 65 gold pieces
 10625 | D:8      | Bought a potion of lignification for 39 gold pieces
 10625 | D:8      | Bought a potion of might for 52 gold pieces
 10625 | D:8      | Bought a potion of curing for 39 gold pieces
 10625 | D:8      | Bought a potion of heal wounds for 65 gold pieces
 10674 | D:8      | Found the +8 whip "Snakebite" {curare, rPois}
 10687 | D:8      | You fall through a shaft!
 10687 | D:9      | Found a runed door.
 10687 | D:9      | Noticed topfpfpflanze's ghost (journeyman DEFE)
 10814 | D:9      | Reached ** piety under Cheibriados
 10830 | D:9      | Noticed a purple ugly thing
 10857 | D:9      | Killed a purple ugly thing
 11155 | D:9      | Reached skill level 9 in Long Blades
 11586 | D:9      | Found Hegil's General Store.
 11590 | D:9      | Bought a scroll of teleportation for 36 gold pieces
 11627 | D:10     | Entered Level 10 of the Dungeon
 11645 | D:10     | Noticed a two-headed ogre
 11662 | D:10     | Killed a two-headed ogre
 11662 | D:10     | Reached XP level 11. HP: 100/122 MP: 14/19
 11705 | D:10     | Reached skill level 5 in Dodging
 12055 | D:10     | Reached *** piety under Cheibriados
 12452 | D:10     | Gained mutation: Your flesh is heat resistant. (rF+)
                  | [evolution]
 13185 | D:10     | Found a white marble altar of Elyvilon.
 13550 | D:11     | Reached **** piety under Cheibriados
 13613 | D:11     | Noticed a two-headed ogre
 13624 | D:11     | Killed a two-headed ogre
 13787 | D:11     | Found a flickering gateway to a bazaar.
 13811 | Bazaar   | Entered a bazaar
 13831 | Bazaar   | Found Vyeffoq's Gadget Shop.
 13860 | Bazaar   | Found Esaa's Gadget Shop.
 13876 | Bazaar   | Found Asmer's Distillery.
 13896 | Bazaar   | Found Berefad's Distillery.
 13904 | Bazaar   | Bought a potion of heal wounds for 85 gold pieces
 13924 | Bazaar   | Bought a potion of heal wounds for 80 gold pieces
 13985 | D:11     | Noticed a cyclops
 14006 | D:11     | Killed a cyclops
 14020 | D:11     | Learned a level 3 spell: Tukima's Dance
 14068 | D:11     | Reached skill level 5 in Armour
 14068 | D:11     | Reached skill level 5 in Invocations
 14250 | D:11     | Noticed a two-headed ogre
 14270 | D:11     | Killed a two-headed ogre
 14270 | D:11     | Reached ***** piety under Cheibriados
 14270 | D:11     | Reached skill level 10 in Long Blades
 14270 | D:11     | Reached skill level 1 in Charms
 14405 | D:11     | Lost mutation: Your spells are a little easier to cast, but
                  | a little less powerful. [evolution]
 14477 | D:11     | Reached XP level 12. HP: 126/134 MP: 15/21
 14648 | D:11     | Found a stormy altar of Qazlal.
 15157 | D:12     | Found a staircase to the Orcish Mines.
 16115 | D:12     | Found a shimmering altar of Xom.
 16372 | Orc:1    | Entered Level 1 of the Orcish Mines
 16587 | D:12     | Reached ****** piety under Cheibriados
 17493 | Orc:1    | Noticed Sonja
 17909 | D:12     | Gained mutation: You can exhale a cloud of poison.
                  | [evolution]
 17979 | Orc:1    | Killed Sonja
 17989 | Orc:1    | Found Xeqewk's Book Shoppe.
 18382 | Orc:2    | Entered Level 2 of the Orcish Mines
 18390 | Orc:2    | Found a roughly hewn altar of Beogh.
 18451 | Orc:2    | Noticed an orc warlord
 18495 | Orc:1    | Killed an orc warlord
 18495 | Orc:1    | Reached skill level 11 in Long Blades
 18495 | Orc:1    | Reached skill level 5 in Charms
 19038 | Orc:2    | Found Ureaf's Gadget Shoppe.
 19093 | Orc:2    | Found a roughly hewn altar of Beogh.
 19121 | Orc:2    | Found Egrom's Gadget Shoppe.
 19288 | Orc:2    | Found a staircase to the Elven Halls.
 19339 | Orc:2    | Gained mutation: You can use your snake-like lower body to
                  | constrict enemies. [Naga growth]
 19339 | Orc:2    | Reached XP level 13. HP: 145/145 MP: 21/23
 19412 | Orc:2    | Found a roughly hewn altar of Beogh.
 19530 | Orc:2    | Noticed an orc warlord
 19911 | Orc:2    | Found a roughly hewn altar of Beogh.
 19968 | Orc:2    | Killed an orc warlord
 20052 | Orc:2    | Found Ampuaca's Antique Weapon Boutique.
 20053 | Orc:2    | Found a roughly hewn altar of Beogh.
 20057 | Orc:2    | Found Loxylif's Antique Armour Shop.
 20071 | Orc:2    | Bought a naga barding for 759 gold pieces
 20113 | Elf:1    | Entered Level 1 of the Elven Halls
 21089 | Elf:1    | HP: 4/145 [deep elf archer/arrow (16)]
 21522 | Elf:1    | Reached skill level 12 in Long Blades
 21742 | Elf:1    | Reached XP level 14. HP: 128/156 MP: 22/25
 22292 | Elf:1    | Reached skill level 10 in Fighting
 23918 | Elf:2    | Found a runed gate.
 23918 | Elf:2    | Found a runed gate.
 23919 | Elf:2    | Found a runed gate.
 23921 | Elf:2    | Noticed a deep elf blademaster
 23924 | Elf:2    | Noticed Dofent's ghost (adept TrMo)
 24103 | Elf:2    | Found an iron altar of Okawaru.
 24237 | Elf:2    | Lost mutation: You are agile. (Dex +2) [evolution]
 24323 | Elf:2    | Found a huge runed gate.
 24342 | Elf:2    | Found a huge runed gate.
 24342 | Elf:2    | Found a huge runed gate.
 24342 | Elf:2    | Found a huge runed gate.
 24343 | Elf:2    | Found a huge runed gate.
 24418 | Elf:2    | Reached skill level 13 in Long Blades
 24429 | Elf:2    | Noticed a deep elf blademaster
 24440 | Elf:2    | Killed a deep elf blademaster
 24440 | Elf:2    | Reached XP level 15. HP: 67/168 MP: 22/27
 24453 | Elf:2    | HP: 8/168 [glaive of venom (16)]
 24507 | Elf:2    | HP: 8/168 [battleaxe of chopping (2)]
 24646 | Elf:2    | HP: 4/168 [glaive of venom (22)]
 24650 | Elf:2    | Killed from afar by a deep elf mage

Skill      XL: |  1  2  3  4  5  6  7  8  9 10 11 12 13 14 15 |
---------------+----------------------------------------------+-----
Fighting       | 3 4 5 6 7 8 9 10 | 10.4
Long Blades    | 3 4 5 6 7 9 10 11 12 13 | 13.1
Dodging        | 2 3 4 5 6 7 |  7.9
Armour         | 1 2 3 4 5 6 7 |  7.1
Spellcasting   | 3 4 5 6 7 8 9 |  9.1
Translocations | 4 5 6 7 |  7.4
Invocations    | 1 4 5 6 7 8 |  8.9
Charms         | 2 5 7 8 9 |  9.0
Throwing       | |  0.8

Action                   |  1- 3 |  4- 6 |  7- 9 | 10-12 | 13-15 || total
-------------------------+-------+-------+-------+-------+-------++-------
Melee: Falchion          |    79 |    86 |   394 |  1101 |   356 ||  2016
       Peck              |       |       |   105 |   516 |   235 ||   856
       Constrict         |       |       |       |       |    95 ||    95
       Scimitar          |       |       |       |       |    76 ||    76
Throw: Tomahawk          |     1 |       |       |       |     1 ||     2
 Cast: Shroud of Golubri |     1 |     8 |    43 |   119 |    30 ||   201
       Blink             |       |     5 |    11 |    28 |    16 ||    60
       Teleport Other    |       |       |     1 |       |       ||     1
       Tukima's Dance    |       |       |       |     3 |     1 ||     4
       Lesser Beckoning  |       |       |       |     2 |    25 ||    27
       Passage of Golubr |       |       |       |     1 |     2 ||     3
Invok: Bend Time         |       |       |     3 |     3 |       ||     6
       Temporal Distorti |       |       |       |     1 |       ||     1
       Step From Time    |       |       |       |       |     1 ||     1
 Abil: Spit Poison       |    26 |    17 |    74 |   103 |       ||   220
       Evoke Flight      |       |       |       |     1 |       ||     1
       Breathe Poison Ga |       |       |       |    11 |    51 ||    62
Evoke: Wand              |       |     1 |     9 |    14 |     5 ||    29
  Use: Scroll            |     5 |     8 |     9 |     7 |    10 ||    39
       Potion            |       |     7 |     1 |     2 |     8 ||    18
 Stab: Distracted        |       |       |       |     1 |     1 ||     2
       Sleeping          |       |       |       |       |     1 ||     1
  Eat: Chunk             |     4 |     6 |    16 |    30 |    15 ||    71
       Ration            |       |       |     2 |       |     1 ||     3
Armor: Acid dragon scale |    40 |    33 |   209 |   446 |   180 ||   908
Dodge: Dodged            |    40 |    30 |   258 |   662 |   228 ||  1218
       Rpst.: Falchion   |     9 |     9 |    86 |   187 |    37 ||   328
       Scimitar          |       |       |       |       |     8 ||     8
